 Dungeon Crawl Stone Soup version 0.01-2087-gb5e28fc70b (webtiles) character file.

Game seed: 9411888037224912152, levelgen mode: deterministic

868 sking99 the Ruffian (level 7, 54/66 HPs) Troll Priest. Began on May 31, 2020. Was a High Priest of Jiyva. Quit the game on level 4 of the Dungeon. The game lasted 00:04:54 (1557 turns).

sking99 the Ruffian (Troll Priest)                  Turns: 1557, Time: 00:04:54

Health: 54/66      AC:  6    Str: 25    XL:     7 ^: 186
Magic:  8/8        EV: 12    Int:  3    God:    Jiyva [*****. (143)]
Gold:   114        SH:  0    Dex: 21    Spells: 6/6 levels left

rFire    . . .     Vision   .     - Unarmed
rCold    . . .     Gourm    +     - Unarmed
rNeg     . . .     Faith    .   a - +0 robe
rPois    .         Spirit   .   (helmet restricted)
rElec    .         Reflect  .   (no cloak)
rCorr    +         Harm     .   (gloves unavailable)
MR       .....                  (boots unavailable)
Stlth    ++........             (no amulet)
HPRegen  0.72/turn              i - ring of dexterity
MPRegen  0.18/turn              (no ring)

@: mildly poisoned (54 -> 54)
A: large, unfitting armour, claws 3, agile 2, fast metabolism 3, gourmand,
regeneration 1, shaggy fur 1, tough skin 3
a: Request Jelly, Slimify, Cure Bad Mutation, Renounce Religion


You were on level 4 of the Dungeon.
You worshipped Jiyva.
Jiyva was extremely pleased with you.
You were not hungry.

You visited 1 branch of the dungeon, and saw 4 of its levels.
You also visited: Temple.

You collected 114 gold pieces.

Inventory:

Shields
 e - a +0 targe
Armour
 a - a +0 robe (worn)
Jewellery
 f - a cursed amulet of reflection {(Curse: Stlth-)}
 i - a ring of dexterity (left claw)
Wands
 h - a wand of polymorph (2)
 j - a wand of random effects (2)
Scrolls
 c - 3 scrolls of enchantment
 d - a scroll of teleportation
Potions
 g - 2 potions of brilliance
Comestibles
 b - 4 rations


   Skills:
 + Level 2.7 Fighting
 + Level 3.8 Dodging
 - Level 1.2 Stealth
 * Level 7.3 Unarmed Combat
   Level 3.2 Invocations


You had 6 spell levels left.
You didn't know any spells.
Your spell library was empty.

Dungeon Overview and Level Annotations

Branches:
Dungeon (4/8)
 Temple: D:4

Altars:
Makhleb


Innate Abilities, Weirdness & Mutations

You are too large for most types of armour.
You have claws for hands. (+6 Unarmed)
Your metabolism is lightning-fast.
You like to eat raw meat.
Your natural rate of healing is unusually fast.
You are covered in fur. (AC +1)
You have extremely tough skin. (AC +3)
You are very agile. (Dex +4)


Message History

The sky beast is severely wounded. (6/26) HP You scratch the sky beast (6).
You kill the sky beast!
The scorpion stings you (6).
You are poisoned.
The scorpion poisons you!
You see here a sky beast corpse.
You scratch the scorpion (3).
The scorpion is lightly wounded. (16/19) HP You claw the scorpion (7)!
The scorpion is heavily wounded. (9/19) HP You feel sick.
The scorpion misses you (0).
You scratch the scorpion (3).
The scorpion is severely wounded. (6/19) HP You scratch the scorpion (3).
The scorpion is almost dead. (3/19) HP You scratch the scorpion (3).
You kill the scorpion!
No target in view!
Are you sure you want to abandon this character and quit the game? (Confirm with "yes".)

#########
#.<.@†..#
#†......#
#.......#
##+######


There were no monsters in sight!

Vanquished Creatures
  2 porcupines
  A sky beast (D:4)
  A scorpion (D:4)
  4 wights (D:2)
  3 crimson imps (D:3)
  An orc priest (D:3)
  A hound (D:3)
  2 orc wizards (D:3)
  2 worker ants (D:3)
  A bullfrog zombie (D:3)
  A shadow imp (D:3)
  5 adders
  A worm (D:2)
  A hound skeleton (D:3)
  2 leopard geckos (D:3)
  3 orcs (D:3)
  An adder skeleton (D:3)
  A ball python (D:3)
  4 giant cockroaches
  2 goblins
  3 hobgoblins
  4 jackals
  2 bats (D:1)
  2 kobolds (D:1)
  5 rats
55 creatures vanquished.

Vanquished Creatures (others)
  An adder (D:2)
  A bat (D:1)
  2 goblins (D:2)
  A ball python (D:1)
  A frilled lizard (D:1)
  2 kobolds (D:1)
8 creatures vanquished.

Grand Total: 63 creatures vanquished

Notes
Turn   | Place    | Note
-------+----------+-------------------------------------------
     0 | Start Te | sking99 the Troll Priest began the quest for the Orb.
     0 | Start Te | Reached XP level 1. HP: 16/16 MP: 2/2
     0 | Start Te | Found a sparkling altar of Nemelex Xobeh.
     1 | Start Te | Found a basalt altar of Yredelemnul.
     1 | Start Te | Found a white marble altar of Elyvilon.
     5 | Start Te | Found an iron altar of Okawaru.
    13 | Start Te | Became a worshipper of Jiyva Jiovuof the Shapeless
    13 | Start Te | Reached * piety under Jiyva
    13 | Start Te | Reached ** piety under Jiyva
    15 | Start Te | Found a glowing silver altar of Zin.
    15 | Start Te | Found a blossoming altar of Fedhas.
    16 | Start Te | Found a stormy altar of Qazlal.
    17 | Start Te | Found a glowing golden altar of the Shining One.
    17 | Start Te | Found an opulent altar of Gozag.
    18 | Start Te | Found a sacrificial altar of Ru.
    19 | Start Te | Found a faded altar of an unknown god.
    19 | Start Te | Found a hazy altar of Hepliaklqana.
   247 | D:1      | Reached *** piety under Jiyva
   315 | D:1      | Gained mutation: You have a pair of small antennae on your
                  | head. [Jiyva's grace]
   443 | D:2      | Reached XP level 2. HP: 24/24 MP: 3/3
   513 | D:2      | Reached skill level 4 in Unarmed Combat
   513 | D:2      | Reached XP level 3. HP: 29/31 MP: 4/4
   585 | D:2      | Noticed a porcupine
   588 | D:2      | Killed a porcupine
   588 | D:2      | Reached skill level 5 in Unarmed Combat
   588 | D:2      | Reached XP level 4. HP: 39/39 MP: 5/5
   588 | D:2      | Reached XP level 5. HP: 45/45 MP: 6/6
   639 | D:2      | Lost mutation: You have a pair of small antennae on your
                  | head. [Jiyva's grace]
   680 | D:2      | Reached skill level 1 in Fighting
   692 | D:2      | Reached XP level 6. HP: 41/55 MP: 7/7
   725 | D:2      | Found a burning altar of Makhleb.
   788 | D:2      | Reached **** piety under Jiyva
  1026 | D:3      | Reached skill level 6 in Unarmed Combat
  1175 | D:3      | Reached XP level 7. HP: 65/65 MP: 8/8
  1230 | D:3      | Gained mutation: You are agile. (Dex +2) [Jiyva's grace]
  1330 | D:3      | Reached ***** piety under Jiyva
  1348 | D:3      | Gained mutation: You are very agile. (Dex +4) [Jiyva's
                  | grace]
  1548 | D:4      | Reached skill level 7 in Unarmed Combat
  1557 | D:4      | Quit the game

Levels and vault maps discovered:
D:1:      wander_arrival_abandoned_jail, layout_rooms, first_ration
D:2:      layout_basic, basic_altar
D:3:      layout_rooms
D:4:      layout_basic, minmay_temple_entry_trees, ebering_ghost_disaster_area,
          the_bakery

Skill      XL: |  1  2  3  4  5  6  7 |
---------------+----------------------+-----
Unarmed Combat | 4 5 6 7 |  7.3
Dodging        | 2 3 |  3.8
Fighting       | 1 2 |  2.7
Stealth        | |  1.2
Invocations    | |  3.2

Action                   |  1- 3 |  4- 6 |  7- 9 || total
-------------------------+-------+-------+-------++-------
Melee: Unarmed           |    59 |    91 |    45 ||   195
 Stab: Confused          |       |     2 |       ||     2
       Sleeping          |       |       |     2 ||     2
  Eat: Chunk             |     1 |       |     2 ||     3
       Ration            |       |     1 |       ||     1
Armor: Robe              |    12 |     3 |     4 ||    19
Dodge: Dodged            |    13 |    10 |     7 ||    30
